 Dungeon Crawl Stone Soup version 0.29-a0-39-g581ba40fa7 (webtiles) character file.

Game seed: 18059794933879256007

2 Bosse the Magician (level 1, 0/13 HPs)
             Began as a Demonspawn Hedge Wizard on Feb 1, 2022.
             Slain by a kobold (4 damage)
             ... on level 1 of the Dungeon.
             The game lasted 00:02:29 (83 turns).

Bosse the Magician (Demonspawn Hedge Wizard)          Turns: 83, Time: 00:02:30

Health: 0/13       AC:  2    Str: 10    XL:     1   Next: 25%
Magic:  1/4        EV: 12    Int: 15    God:
Gold:   0          SH:  0    Dex: 12    Spells: 4/6 levels left

rFire   . . .      SeeInvis .   a - +0 dagger
rCold   . . .      Faith    .   (no shield)
rNeg    . . .      Spirit   .   b - +0 robe
rPois   .          Reflect  .   c - +0 hat
rElec   .          Harm     .   (no cloak)
rCorr   .          Rampage  .   (no gloves)
Will    .....                   (no boots)
Stlth   ++........              (no amulet)
HPRegen 0.04/turn               (no ring)
MPRegen 0.09/turn               (no ring)

@: no status effects
A: no striking features
a: no special abilities


You were on level 1 of the Dungeon.
You visited 1 branch of the dungeon, and saw 1 of its levels.

Inventory:

Hand Weapons
 a - a +0 dagger (weapon)
Armour
 b - a +0 robe (worn)
 c - a +0 hat (worn)


   Skills:
 + Level 1.7 Dodging
 + Level 1.8 Stealth
 + Level 3.0 Spellcasting
 + Level 1.0 Conjurations
 + Level 1.0 Summonings
 + Level 0.8 Translocations


You had 4 spell levels left.
You knew the following spells:

 Your Spells              Type           Power      Damage    Failure   Level
a - Magic Dart            Conj           20%        1d4       13%         1
b - Shock                 Conj/Air       12%        1d3       16%         1

Your spell library contained the following spells:

 Spells                   Type           Power      Damage    Failure   Level
 Summon Small Mammal      Summ           20%        N/A       13%         1
 Apportation              Tloc           8%         N/A       14%         1
 Slow                     Hex            8%         N/A       21%         1
 Call Imp                 Summ           5%         N/A       21%         2
 Blink                    Tloc           8%         N/A       22%         2
 Conjure Flame            Conj/Fire      3%         6-21      43%         3
 Mephitic Cloud           Conj/Pois/Air  3%         N/A       45%         3


Dungeon Overview and Level Annotations

Branches:
Dungeon (1/15)

Altars:


Message History

You are too depleted to draw on your mana recklessly!
There are monsters nearby!
The kobold throws a stone.
The stone barely misses you.
Your magical contamination has completely faded away.
The zap misses the endoplasm.
The zap hits the kobold.
The kobold is severely wounded.
You miscast Shock.
You are very lightly contaminated with residual magic.
Nothing appears to happen.
You are too depleted to draw on your mana recklessly!
You hit the endoplasm but do no damage. The endoplasm freezes you.
You are frozen.
You hit the endoplasm but do no damage. The endoplasm freezes you.
You are frozen.
You are too injured to fight recklessly!
You are too injured to fight recklessly!
You are too injured to fight recklessly!
You are too injured to fight recklessly!
You hit the endoplasm.
The endoplasm is lightly wounded.
The endoplasm closely misses you.
You hit the endoplasm.
The endoplasm is heavily wounded.
The endoplasm closely misses you.
You hit the endoplasm.
The endoplasm is almost dead.
The endoplasm hits you but does no damage.
You hit the endoplasm but do no damage.
The endoplasm is almost dead.
The endoplasm freezes you.
You are frozen.
Your magical contamination has completely faded away.
You hit the endoplasm.
You kill the endoplasm!
You barely miss the kobold.
The kobold is heavily wounded.
The kobold hits you with a +3 short sword.
You die...

#.# #.# #.# #K# #.#
#J# #.#
#.###################
#...........K@......#
###################.#
#.# #.# #.# #.# #.#
###########.#
............#


You could see a kobold.

Vanquished Creatures
  An endoplasm (D:1)
  A ball python (D:1)
2 creatures vanquished.

Notes
Turn   | Place    | Note
-------+----------+-------------------------------------------
     0 | D:1      | Bosse the Demonspawn Hedge Wizard began the quest for the
                  | Orb.
     0 | D:1      | Reached XP level 1. HP: 13/13 MP: 4/4
     3 | D:1      | Got Xafaxkem's Introduction to Sorcery
    12 | D:1      | Learned a level 1 spell: Shock
    83 | D:1      | Slain by a kobold

Illustrated notes

Levels and vault maps discovered:
D:1:      saegor_arrival_simple_d, layout_basic, minmay_bisected

Action                   || total
-------------------------++-------
Melee: Dagger            ||     8
 Cast: Shock             ||     4
Armor: Robe              ||     1
Dodge: Dodged            ||     3

Table legend: (Time is in decaauts)
 A = Elapsed time spent in this place.
 B = Non-inter-level travel time spent in this place.
 C = Inter-level travel time spent in this place.
 D = Time resting spent in this place.
 E = Time spent auto-exploring this place.
 F = Levels seen in this place.
 G = Mean time per level.
                   A        B        C        D        E       F      G
               +--------+--------+--------+--------+--------+-----+--------+
         Total |     83 |     83 |      0 |      0 |      0 |   1 |   83.0 |
       Dungeon |     83 |     83 |      0 |      0 |      0 |   1 |   83.0 |
               +--------+--------+--------+--------+--------+-----+--------+

Top non-repeatable levels by time:
     D:1: 83 daAuts
